 Dungeon Crawl Stone Soup version 0.19-a0-414-g76fec5b (webtiles) character file.

104 Duffy the Chopper (level 4, -1/28 HPs)
             Began as a Gargoyle Fighter on May 31, 2016.
             Slain by Sigmund
             ... wielding a +0 scythe
              (2 damage)
             ... on level 3 of the Dungeon.
             The game lasted 00:01:20 (782 turns).

Duffy the Chopper (Gargoyle Fighter)                 Turns: 782, Time: 00:01:21

Health: -1/28      AC: 10    Str: 20    XL:     4   Next: 80%
Magic:  4/4        EV:  7    Int:  8    God:
Gold:   30         SH:  9    Dex: 10    Spells: 0 memorised, 3 levels left

rFire  . . .     SeeInvis .     a - +0 war axe
rCold  . . .     Gourm    .     b - +0 scale mail
rNeg   + . .     Faith    .     c - +0 shield
rPois  ∞         Spirit   .     (no helmet)
rElec  +         Dismiss  .     (no cloak)
rCorr  .         Reflect  .     (no gloves)
SustAt .         Harm     .     (no boots)
MR     .....                    (no amulet)
Stlth  ..........               (no ring)
                                (no ring)

@: not resistant to hostile enchantments, extremely unstealthy
A: negative energy resistance 1, electricity resistance, unbreathing,
petrification resistance, rot immunity, AC +3
a: no special abilities


You were on level 3 of the Dungeon.
You were not hungry.

You visited 1 branch of the dungeon, and saw 3 of its levels.

You collected 30 gold pieces.


Innate Abilities, Weirdness & Mutations

You are resistant to torment.
Your stone body is resilient (AC +3).
You are immune to poison.
You resist negative energy. (rN+)
You are resistant to electric shocks. (rElec)
You can survive without breathing.
You are immune to petrification.
You are immune to rotting.


   Skills:
 - Level 3.2 Fighting
 + Level 4.3 Axes
 - Level 3.2 Armour
 - Level 3.2 Shields


You had 3 spell levels left.
You didn't know any spells.

Inventory:

Hand Weapons
 a - a +0 war axe (weapon)
Armour
 b - a +0 scale mail (worn)
 c - a +0 shield (worn)
Scrolls
 e - a scroll of remove curse {unknown}
 g - a scroll of recharging {unknown}
 h - 4 scrolls of identify {unknown}
 i - a scroll of enchant armour {unknown}
 j - a scroll of enchant weapon {unknown}
 k - a scroll of fog {unknown}
 m - a scroll of noise {unknown}
 n - a scroll of amnesia {unknown}
Potions
 d - a potion of might
 l - 2 potions of agility {unknown}
Comestibles
 f - a bread ration

Dungeon Overview and Level Annotations

Branches:
Dungeon (3/15)

Altars:

Annotations:
D:3 Sigmund


Message History

You are too confused!
You are too confused!
You are too confused!
You are too confused!
You are too confused!
You are too confused!
You are too confused!
You are too confused!
You are too confused!
You are too confused!
You are too confused!
You are too confused!
You are too confused!
You hit Sigmund.
Sigmund is moderately wounded.
You closely miss the adder.
The adder is lightly wounded.
Sigmund hits you with a scythe. The adder bites you but does no damage.
The adder barely misses you. Sigmund hits you but does no damage.
You barely miss Sigmund.
Sigmund is moderately wounded.
You miss the adder.
The adder is lightly wounded.
The adder closely misses you. Sigmund gestures at you while chanting.
The magic dart hits you! The adder closely misses you.
Sigmund barely misses you. The adder bites you but does no damage.
Sigmund closely misses you.
You're too confused to move!
The adder bites you but does no damage.
Sigmund hits you from afar with a scythe!
Sigmund mumbles some strange words.
Sigmund flickers and vanishes!
Deactivating autopickup; reactivate with Ctrl-A.
The adder bites you but does no damage.
You miss the adder.
The adder is lightly wounded.
You feel less confused. The adder bites you. Something hits you!
You hit the adder.
The adder is severely wounded.
You block the adder's attack. You block something's attack.
You block the adder's attack.
Your shield and scale mail prevent you from hitting the adder.
The adder is severely wounded.
You block the adder's attack. Something hits you but does no damage.
The adder bites you but does no damage.
You barely miss the adder.
The adder is severely wounded.
Something hits you.
You die...

#.......# ##+###+##
#.......# #.........
#.).....# #...$.....
###.......## #.........
#..........####.........
#..........'............
#..........###..........
###.###'####............
### #.# #.#
#.@S......... ..# #.#
#.# #............
..####.# #.#
#............ .......#
#.# #...........#
######## #.#
###+######### <.......
#.# .###..#. #.# ...#..#
..##..#


You could see an adder.

Action                   |  1- 3 |  4- 6 || total
-------------------------+-------+-------++-------
Melee: War axe           |    49 |    43 ||    92
Armor: Scale mail        |    32 |    24 ||    56
Dodge: Dodged            |    28 |    17 ||    45
Block: Shield            |    33 |    29 ||    62

Notes
Turn   | Place    | Note
--------------------------------------------------------------
     0 | D:1      | Duffy the Gargoyle Fighter began the quest for the Orb.
     0 | D:1      | Reached XP level 1. HP: 14/14 MP: 1/1
    42 | D:1      | Reached skill level 2 in Axes
   114 | D:1      | Reached XP level 2. HP: 16/19 MP: 2/2
   350 | D:3      | Reached skill level 3 in Axes
   350 | D:3      | Reached XP level 3. HP: 23/23 MP: 3/3
   356 | D:3      | Reached skill level 4 in Axes
   356 | D:3      | Reached XP level 4. HP: 26/28 MP: 4/4
   765 | D:3      | Noticed Sigmund
   782 | D:3      | Slain by Sigmund

Skill      XL: |  1  2  3 |
---------------+----------+-----
Axes           | 2 3 4 |  4.3
Fighting       | |  3.2
Armour         | |  3.2
Shields        | |  3.2

Vault maps used:
D:1:      lordsloth_arrival_two_stooges, corner_web_ring
D:2:      lemuel_zombie_altar_yredelemnul, nicolae_overflow_hidden_temple,
          old_standard_altar, nicolae_ru_the_path_less_chosen, uniq_terence
D:3:      uniq_sigmund

Vanquished Creatures
  An orc priest
  An orc wizard
  2 adders
  A dart slug
  3 orcs
  4 goblins
  2 hobgoblins
  6 bats
  4 kobolds
  4 rats
28 creatures vanquished.
